 Dungeon Crawl Stone Soup version 0.29.1-2-gbd0b4ee654 (webtiles) character file.

Game seed: 1199831346396491752

102 GigaChad the Shield-Bearer (level 4, 0/44 HPs)
             Began as a Troll Fighter on Nov 23, 2022.
             Was a Follower of Nemelex Xobeh.
             Slain by an orc
             ... wielding a +0 hand axe
              (5 damage)
             ... on level 3 of the Dungeon.
             The game lasted 00:02:54 (1554 turns).

GigaChad the Shield-Bearer (Troll Fighter)          Turns: 1554, Time: 00:02:55

Health: 0/44       AC:  6    Str: 26    XL:     4   Next: 49%
Magic:  3/3        EV:  9    Int:  4    God:    Nemelex Xobeh [*.....]
Gold:   158        SH:  7    Dex:  9    Spells: 3/3 levels left

rFire   . . .      SeeInvis .     - Unarmed
rCold   . . .      Faith    .   b - +0 kite shield
rNeg    . . .      Spirit   .   a - +0 robe
rPois   .          Reflect  .   (helmet restricted)
rElec   .          Harm     .   l - +1 cloak
rCorr   .          Rampage  .   (gloves unavailable)
Will    .....                   (boots unavailable)
Stlth   +.........              (no amulet)
HPRegen 0.94/turn               (no ring)
MPRegen 0.08/turn               (no ring)

@: no status effects
A: large, unfitting armour, claws 3, regeneration 1, shaggy fur 1, tough skin 1
a: Renounce Religion, Draw Escape, Draw Destruction, Draw Summoning


You were on level 3 of the Dungeon.
You worshipped Nemelex Xobeh.
Nemelex Xobeh was aware of your devotion.
You visited 1 branch of the dungeon, and saw 3 of its levels.

You collected 158 gold pieces.

Inventory:

Hand Weapons
 o - a +0 executioner's axe
Armour
 a - a +0 robe (worn)
 b - a +0 kite shield (worn)
 l - a +1 cloak (worn)
Jewellery
 e - a ring of poison resistance
Scrolls
 d - a scroll of poison
 f - 3 scrolls of vulnerability
 g - a scroll of noise {unknown}
 h - 6 scrolls of identify
 i - a scroll of amnesia {unknown}
 j - a scroll of magic mapping {unknown}
 k - a scroll of butterflies {unknown}
Potions
 c - a potion of might
 m - a potion of haste {unknown}
 n - a potion of degeneration {unknown}
 p - a potion of curing {unknown}
 q - a potion of flight {unknown}
 r - a potion of ambrosia {unknown}


   Skills:
 + Level 2.8 Fighting
 + Level 3.0 Dodging
 + Level 3.5 Shields
 + Level 2.9 Unarmed Combat


You had 3 spell levels left.
You didn't know any spells.
Your spell library was empty.

Dungeon Overview and Level Annotations

Branches:
Dungeon (3/15)

Altars:
Ashenzari
Nemelex Xobeh


Innate Abilities, Weirdness & Mutations

You are too large for most types of armour.
You have claws for hands.
Your natural rate of healing is unusually fast.
You are covered in fur. (AC +1)
You have tough skin. (AC +1)


Message History

The endoplasm completely misses you. The orc hits you with a +0 club.
The orc hits you with a +0 hand axe.
You barely miss something. The endoplasm closely misses you.
The orc closely misses you. The orc barely misses you.
You barely miss something. You block the endoplasm's attack.
You block the orc's attack. The orc hits you with a +0 hand axe.
Something hits you.
You closely miss something. The endoplasm barely misses you.
The orc closely misses you. The orc hits you with a +0 hand axe.
Something completely misses you. The orc hits you but does no damage.
The orc completely misses you.
The endoplasm hits you but does no damage.
You hear some strange, mumbled words.
A magic dart appears from out of thin air!
The magic dart hits you!
You claw something! You block the endoplasm's attack.
The orc hits you with a +0 club. You block the orc's attack.
Something hits you but does no damage.
You barely miss something. Something hits you but does no damage.
The endoplasm freezes you.
You are frozen.
You block the orc's attack. The orc closely misses you.
You barely miss something. The endoplasm hits you. The orc barely misses you.
The orc hits you but does no damage. Something hits you but does no damage.
You closely miss something. The endoplasm freezes you.
You are frozen.
You block the orc's attack. The orc closely misses you.
Something hits you but does no damage.
You barely miss something. The endoplasm freezes you.
You are frozen.
The orc hits you with a +0 club. The orc hits you with a +0 hand axe.
* * * LOW HITPOINT WARNING * * *
Something hits you but does no damage.
You barely miss something. Something completely misses you.
The endoplasm freezes you.
You are frozen.
* * * LOW HITPOINT WARNING * * *
The orc hits you but does no damage. The orc hits you with a +0 hand axe.
You die...
Your body disappears without a glow.

#...# ### #.###
..# #.# #.##.##
#####....####.#
...............
.........####.#
......#J#######
.....o{@.......
.....[oo.......
...............
.....>.########
##.##.. #. #..
# #.. #[.


You could see 3 orcs and an endoplasm.

Vanquished Creatures
  Jessica (D:2)
  2 adders
  A worm (D:2)
  A dart slug (D:1)
  An orc (D:3)
  8 endoplasms
  A giant cockroach (D:2)
  3 goblins
  7 hobgoblins
  2 jackals (D:2)
  4 quokkas
  2 ball pythons
  10 bats
  A frilled lizard (D:2)
  2 kobolds (D:2)
  3 rats
49 creatures vanquished.

Vanquished Creatures (others)
  6 plants (D:1)
  9 withered plants (D:1)
15 creatures vanquished.

Grand Total: 64 creatures vanquished

Notes
Turn   | Place    | Note
-------+----------+-------------------------------------------
     0 | D:1      | GigaChad the Troll Fighter began the quest for the Orb.
     0 | D:1      | Reached XP level 1. HP: 22/22 MP: 0/0
   125 | D:1      | Found a faded altar of an unknown god.
   391 | D:1      | Reached XP level 2. HP: 29/29 MP: 1/1
   753 | D:1      | Prayed at the altar of an unknown god.
   753 | D:1      | Became a worshipper of Nemelex Xobeh the Trickster
   753 | D:1      | Reached * piety under Nemelex Xobeh
   753 | D:1      | Received a gift from Nemelex Xobeh
   861 | D:2      | Found a broken altar of Ashenzari.
   915 | D:2      | Reached XP level 3. HP: 36/36 MP: 2/2
  1170 | D:2      | Received a gift from Nemelex Xobeh
  1343 | D:2      | Noticed Jessica
  1347 | D:2      | Killed Jessica
  1348 | D:2      | Reached XP level 4. HP: 37/44 MP: 3/3
  1554 | D:3      | Slain by an orc

Illustrated notes

Levels and vault maps discovered:
D:1:      co_arrival_square_in_a_square_in_a_square, layout_basic,
          shapermc_ecumenical_altar_flowoftime
D:2:      layout_rooms, basic_altar, minmay_vboxes, uniq_jessica
D:3:      layout_loops_ring, mainiacjoe_overflow_catwalk

Skill      XL: |  1  2  3 |
---------------+----------+-----
Shields        | 3 |  3.5
Dodging        | 3 |  3.0
Fighting       | |  2.8
Unarmed Combat | |  2.9

Action                   |  1- 3 |  4- 6 || total
-------------------------+-------+-------++-------
Melee: Unarmed           |   116 |    18 ||   134
  Use: Scroll            |     2 |       ||     2
Armor: Robe              |    95 |    10 ||   105
Dodge: Dodged            |    74 |    17 ||    91
Block: Kite shield       |    80 |    10 ||    90
